Cogmind - Beta 16 @@@ ROGUE MODE // 2026.01.06 @ 13:08:34 Player: PE-P51 Result: Destroyed by G-50 Soldier with Heavy Laser Performance ------------- Evolutions (5) 2500 Regions Visited (16) 3200 Robots Destroyed (150) 750 Value Destroyed (4264) 4264 Prototype IDs (15) 300 Alien Tech Used (0) 0 Bonus (1482) 1482 TOTAL SCORE: 12496 Bonus ------- High Alert Combat Kills 317 Follower Combat Kills 690 Entered DSFs 500 Friendly Fire -25 Cogmind --------- Core Integrity 0/1000 Matter 187/300 Energy 98/100 System Corruption 9% Temperature Cool (18) Movement Core (50) Location -5/Factory Parts ------- > --- POWER (1) -------- (None) > --- PROPULSION (4) --- (None) > --- UTILITY (10) ----- Improved Signal Interpreter Improved Signal Interpreter Advanced Terrain Scan Processor Advanced Hacking Suite > --- WEAPON (2) ------- (None) > --- INVENTORY (5) ---- Antigrav System Long-range Sensor Array Makeshift Transmission Jammer Improved Plasma Cutter Peak State ------------ > --- POWER ------------ Micro Fission Core > --- PROPULSION ------- Xenon Bombardment Thruster Improved Cesium-ion Thruster Improved Cesium-ion Thruster Impulse Thruster > --- UTILITY ---------- Medium Storage Unit Advanced Sensor Array Improved Signal Interpreter Advanced Terrain Scanner Advanced Terrain Scan Processor Makeshift Hacking Suite Improved Hacking Suite Improved Hacking Suite Advanced Hacking Suite Makeshift System Shield > --- WEAPON ----------- Gamma Rifle > --- INVENTORY -------- Micro Nuclear Core Biomechanical Wings Long-range Sensor Array Makeshift Transmission Jammer Authchip [Propulsion] Component Analysis Suite Heavy Gatling Laser Smartbomb Launcher Improved Plasma Cutter [Rating: 82] Favorites ----------- Power Ion Engine Engine Ion Engine Power Core Micro Nuclear Core Propulsion Light Treads Treads Light Treads Leg Aluminum Leg Flight Unit Improved Cesium-ion Thruster Utility Improved Hacking Suite Device Heat Sink Storage Huge Storage Unit Processor Advanced Terrain Scan Processor Hackware Improved Hacking Suite Weapon Particle Cannon Energy Gun Gatling Laser Energy Cannon Particle Cannon Ballistic Gun Assault Rifle Launcher Proton Missile Launcher Special Weapon Enhanced Flamer Slashing Weapon Katana Piercing Weapon Makeshift Spear Build | -11 -10 -9 -9 -8 -7 -7 -7 -7 -6 -6 -6 -6 -6 -6 -5 -5 ------- Run | Yrd Mat Mat Min Mat Fac Was Fac DSF Fac Was Fac Low Low Zio Pro Fac Slots Evolved 10 | . . 2 . 2 2 . . . 2 . . . . . . 2 Power . | . . . . . . . . . . . . . . . . . Propulsion 2 | . . 1 . 1 . . . . . . . . . . . . Utility 8 | . . 1 . 1 2 . . . 2 . . . . . . 2 Weapon . | . . . . . . . . . . . . . . . . . Parts Attached 130 | . 14 10 1 31 19 6 . 6 5 2 12 3 1 4 . 16 Power 11 | . 1 1 . 4 2 2 . . . . . . . . . 1 Engine 7 | . 1 1 . 2 1 2 . . . . . . . . . . Core 4 | . . . . 2 1 . . . . . . . . . . 1 Reactor . | . . . . . . . . . . . . . . . . . Propulsion 40 | . 4 5 . 15 6 . . 1 2 . 3 . 1 . . 3 Treads 21 | . 2 5 . 14 . . . . . . . . . . . . Leg 2 | . 2 . . . . . . . . . . . . . . . Wheel . | . . . . . . . . . . . . . . . . . Hover . | . . . . . . . . . . . . . . . . . Flight 17 | . . . . 1 6 . . 1 2 . 3 . 1 . . 3 Utility 48 | . 4 2 . 6 7 3 . 4 3 1 8 2 . 2 . 6 Device 23 | . 2 2 . 5 1 3 . 1 1 1 3 2 . 1 . 1 Storage 4 | . 2 . . . . . . 1 . . 1 . . . . . Processor 6 | . . . . 1 2 . . . . . 1 . . . . 2 Hackware 15 | . . . . . 4 . . 2 2 . 3 . . 1 . 3 Protection . | . . . . . . . . . . . . . . . . . Artifact . | . . . . . . . . . . . . . . . . . Weapon 31 | . 5 2 1 6 4 1 . 1 . 1 1 1 . 2 . 6 Energy Gun 5 | . 1 . . 1 1 1 . . . . . . . . . 1 Energy Cannon 12 | . 3 1 . 4 1 . . . . 1 . . . . . 2 Ballistic Gun . | . . . . . . . . . . . . . . . . . Ballistic Cannon . | . . . . . . . . . . . . . . . . . Launcher 7 | . 1 1 1 1 . . . 1 . . 1 . . . . 1 Special Weapon 4 | . . . . . 1 . . . . . . 1 . 1 . 1 Impact Weapon . | . . . . . . . . . . . . . . . . . Slashing Weapon 2 | . . . . . 1 . . . . . . . . . . 1 Piercing Weapon 1 | . . . . . . . . . . . . . . 1 . . Special Melee Weapon . | . . . . . . . . . . . . . . . . . Unidentified Prototypes 10 | . . . . 3 1 2 . . . 1 . . . 1 . 2 Parts Lost 39 | . 5 2 . 8 5 . . 1 . . 1 2 2 . 1 12 Power 4 | . 1 . . 2 1 . . . . . . . . . . . Propulsion 21 | . 2 1 . 6 3 . . 1 . . 1 . 2 . 1 4 Utility 6 | . . . . . . . . . . . . 1 . . . 5 Weapon 8 | . 2 1 . . 1 . . . . . . 1 . . . 3 Highest Loss Streak 10 | . 2 1 . 3 5 . . 1 . . 1 1 2 . 1 10 To Critical Strikes . | . . . . . . . . . . . . . . . . . Average Backups 14 | . 10 19 22 21 6 5 5 7 9 9 8 8 8 8 9 7 Power 1 | . 1 1 2 1 . . 1 1 1 1 . 1 1 1 1 . Propulsion 4 | . 3 5 9 7 1 . . . . . 1 2 1 . . . Utility 4 | . 1 5 5 6 2 3 3 5 6 6 4 3 4 5 5 3 Weapon 3 | . 4 6 4 5 1 1 1 1 1 2 2 1 1 2 2 1 Tool/Special . | . . . . . . . . . . . . . . . . . Unused Backups 24 | . 3 . 2 6 4 3 . . . . . . . . . 6 Power 2 | . . . . . 1 . . . . . . . . . . 1 Propulsion 2 | . . . . 1 . . . . . . . . . . . 1 Utility 11 | . 2 . . 3 1 3 . . . . . . . . . 2 Weapon 6 | . 1 . 2 2 1 . . . . . . . . . . . Tool/Special 3 | . . . . . 1 . . . . . . . . . . 2 Average Slot Usage (%) 95 | . 93 99 100 99 95 100 100 97 93 93 90 98 90 92 93 64 Engine 6 | . 13 11 11 4 . 6 7 7 6 6 1 . . . . . Core 2 | . . . . 4 6 . . . . . 4 6 6 6 6 3 Treads 17 | . 13 33 33 35 2 . . . . . . . . . . . Leg 1 | . 12 . . . . . . . . . . . . . . . Flight 10 | . . . . . 26 30 30 29 26 26 25 26 26 26 26 12 Device 14 | . 11 21 22 18 7 7 7 8 6 6 6 12 13 13 13 7 Storage 8 | . 16 11 11 9 . . . 4 6 6 6 6 6 6 6 3 Processor 7 | . . . . 8 14 15 15 8 6 6 9 13 13 13 13 11 Hackware 9 | . . . . . 21 23 23 23 32 33 27 20 20 20 20 21 Energy Cannon 11 | . 13 21 21 17 5 . . . . . . . . . . . Ballistic Gun 1 | . 9 . . . . . . . . . . . . . . . Slashing Weapon 1 | . . . . . 6 7 7 7 6 6 5 6 3 . . . Peak Build Rating 82 | . 10 15 16 40 47 54 54 56 65 63 67 69 69 71 64 82 Average Rating 35 | . 8 12 15 34 42 50 54 52 57 57 58 63 60 63 63 51 On Entrance 42 | 6 6 10 15 16 38 46 54 54 56 57 58 61 61 58 64 55 Avg Prop Armor Cover (%) 7 | . 7 . . . . . . . . . . . . . . . Naked Turns . | . . . . . . . . . . . . . . . . . Heaviest Build 106 | 14 94 95 95 106 103 17 16 27 22 22 27 22 20 20 20 26 Greatest Support 86 | 20 40 60 60 86 82 23 23 23 23 23 23 22 24 24 24 25 Greatest Overweight (x) 20 | . 3 1 1 20 1 . . 1 . . 8 7 . . . 1 Average Overweight (x) . | . . 1 1 1 . . . . . . . . . . . . Largest Inventory Capacity 25 | . 25 25 25 25 25 5 5 10 10 10 10 10 10 10 10 10 Average Capacity 17 | . 15 25 25 25 6 5 5 8 10 10 10 10 10 10 10 8 Most Carried 25 | . 15 25 25 25 25 5 5 10 10 10 10 10 10 10 10 10 Average Carried 15 | . 10 19 24 24 6 4 5 8 9 9 9 9 9 9 10 7 Final Capacity 25 | 8 25 25 25 25 5 5 5 10 10 10 10 10 10 10 10 5 Final Carried 25 | 6 15 25 25 25 5 5 5 10 10 10 10 10 8 10 10 4 Class Distribution -------------------- 31% | Mutant 29% | Scavenger-Mutant 20% | Hacker-Sprinter 15% | Hacker-Scout Dominant Class ---------------- Mutant | -10/Materials Scavenger-Mutant | -9/Materials Scavenger-Mutant | -9/Mines Mutant | -8/Materials Hacker-Sprinter | -7/Factory Hacker-Sprinter | -7/Waste Hacker-Sprinter | -7/Factory Hacker-Sprinter | -7/DSF Hacker-Sprinter | -6/Factory Hacker-Sprinter | -6/Waste Hacker-Sprinter | -6/Factory Hacker-Scout | -6/Lower Caves Hacker-Scout | -6/Lower Caves Hacker-Scout | -6/Zion Hacker-Scout | -5/Proximity Caves Wizard-Scout | -5/Factory Resources | -11 -10 -9 -9 -8 -7 -7 -7 -7 -6 -6 -6 -6 -6 -6 -5 -5 ----------- Run | Yrd Mat Mat Min Mat Fac Was Fac DSF Fac Was Fac Low Low Zio Pro Fac Matter Collected 3053 | 191 608 150 112 534 314 163 . 24 186 . 283 218 142 60 . 68 Remotely . | . . . . . . . . . . . . . . . . . Salvage Created 6714 | . 773 988 112 2485 240 1493 . 47 139 . 322 . 55 . . 60 Parts 277 | . 31 48 10 134 14 4 . 1 6 . 16 . 9 . . 4 Haulers Intercepted 15 | . 2 3 . 6 1 . . 1 . . 2 . . . . . Recyclers Shooed 3 | . 2 . . 1 . . . . . . . . . . . . Parts Field Recycled . | . . . . . . . . . . . . . . . . . Retrieved Matter . | . . . . . . . . . . . . . . . . . Parts Self-Destructed 9 | . . . . . . . . . . . . 4 4 1 . . Prevented 1 | . . . . . . . . . . . . . . . 1 . Parts Restored . | . . . . . . . . . . . . . . . . . Kills | -11 -10 -9 -9 -8 -7 -7 -7 -7 -6 -6 -6 -6 -6 -6 -5 -5 ------- Run | Yrd Mat Mat Min Mat Fac Was Fac DSF Fac Was Fac Low Low Zio Pro Fac Combat Hostiles Destroyed 101 | . 11 19 6 47 1 6 . . . . 1 . 7 . . 3 Melee 2 | . . . . . 1 . . . . . . . . . . 1 Guns 15 | . 8 . . . . 6 . . . . 1 . . . . . Cannons 44 | . 1 15 . 28 . . . . . . . . . . . . AOE 36 | . 2 4 6 15 . . . . . . . . 7 . . 2 Classes Destroyed 18 | . 6 2 2 5 1 1 . . . . . . . . . 1 Worker 10 | . 1 2 1 2 2 . . . . . 2 . . . . . Builder 2 | . . . 1 1 . . . . . . . . . . . . Tunneler 2 | . . . 1 1 . . . . . . . . . . . . Hauler 15 | . 2 3 . 6 1 . . 1 . . 2 . . . . . Recycler 5 | . 2 1 . 1 . . . . 1 . . . . . . . Operator 4 | . 2 . . 2 . . . . . . . . . . . . Watcher 11 | . 1 2 . 3 3 . . . . . 2 . . . . . Swarmer 24 | . . 4 3 10 . . . . . . . . 7 . . . Cutter 2 | . . . . . . . . . . . . . . . . 2 Grunt 49 | . 11 13 3 22 . . . . . . . . . . . . Brawler 1 | . . . . 1 . . . . . . . . . . . . Protector 2 | . . . . 2 . . . . . . . . . . . . Sentry 11 | . . 2 . 9 . . . . . . . . . . . . Specialist 1 | . . . . 1 . . . . . . . . . . . . Hunter 1 | . . . . 1 . . . . . . . . . . . . Programmer 3 | . . . . . 1 . . . . . 1 . . . . 1 Heavy 1 | . . . . 1 . . . . . . . . . . . . Compactor 6 | . . . . . . 6 . . . . . . . . . . Best Kill Streak 11 | . 2 5 4 11 2 1 . 1 1 . 1 . 4 . . 2 Combat Bots Only 10 | . 2 4 3 10 1 1 . . . . 1 . 4 . . 2 Max Kills in Single Turn 6 | . 2 3 3 6 1 1 . 1 1 . 1 . 2 . . 2 Gunslinging . | . . . . . . . . . . . . . . . . . Exploded 6 | . 2 2 2 6 . . . . . . . . 2 . . 2 Melee 1 | . . . . . 1 . . . . . . . . . . 1 Uniques/NPCs Destroyed . | . . . . . . . . . . . . . . . . . Combat | -11 -10 -9 -9 -8 -7 -7 -7 -7 -6 -6 -6 -6 -6 -6 -5 -5 -------- Run | Yrd Mat Mat Min Mat Fac Was Fac DSF Fac Was Fac Low Low Zio Pro Fac Hostile Shots Fired 750 | . 70 76 16 207 83 . . 8 . . 138 22 8 4 7 111 Missed 289 | . 11 19 4 66 45 . . 2 . . 73 15 6 1 5 42 Hits 461 | . 59 57 12 141 38 . . 6 . . 65 7 2 3 2 69 Melee 4 | . . . . 1 . . . . . . . . . . . 3 Projectile 457 | . 59 57 12 140 38 . . 6 . . 65 7 2 3 2 66 AOE 5 | . . . . . . . . . . . . 1 . . . 4 Critical Strikes 13 | . 1 1 . 9 . . . . . . . . . . . 2 Damage Taken 7214 | . 775 739 117 2437 479 . . 118 . . 459 148 232 24 38 1648 Core 1945 | . 189 128 . 239 106 . . 28 . . 143 40 44 . 18 1010 Absorbed by Shields 75 | . . . . . . . . . . . 75 . . . . . Regen/Repaired (Parts) 349 | . . . . . . 105 . 50 . . 194 . . . . . Core Remaining (%) 66 | 100 24 . 68 56 . . . 80 . . . . . . 71 . Volleys Fired 418 | . 91 53 11 116 11 114 . 8 . . 2 2 5 . . 5 Largest 2 | . 2 2 1 2 1 1 . 1 . . 1 1 1 . . 1 Hottest 136 | . 136 136 30 136 80 100 . 100 . . 100 46 46 . . 90 Shots Fired 622 | . 150 100 11 215 11 114 . 8 . . 2 1 5 . . 5 Gun 232 | . 104 . . . 8 114 . 4 . . 2 . . . . . Cannon 343 | . 45 96 . 198 2 . . . . . . . . . . 2 Launcher 44 | . 1 4 11 17 . . . 4 . . . 1 5 . . 1 Special 3 | . . . . . 1 . . . . . . . . . . 2 Kinetic 103 | . 103 . . . . . . . . . . . . . . . Thermal 471 | . 45 96 . 198 10 114 . 4 . . 2 . . . . 2 Explosive 34 | . 1 4 11 7 . . . 4 . . . 1 5 . . 1 Electromagnetic 11 | . 1 . . 10 . . . . . . . . . . . . Robot Hit Streak 20 | . 12 9 6 10 7 20 . 8 . . 3 . . . . 6 Robot Miss Streak 7 | . 7 2 1 3 4 3 . 3 . . 3 . . . . 2 Penetration Max . | . . . . . . . . . . . . . . . . . Secondary Targets . | . . . . . . . . . . . . . . . . . Shots Hit Robots 466 | . 90 66 10 130 25 111 . 4 1 . 19 . . . 1 9 Core Hits 235 | . 33 27 11 85 11 45 . 4 1 . 7 . 8 . . 3 Critical Kills 1 | . . . . 1 . . . . . . . . . . . . Critical Parts Destroyed . | . . . . . . . . . . . . . . . . . Critical Strikes 7 | . . . . 1 1 . . . . . 3 . . . . 2 Meltdown 1 | . . . . 1 . . . . . . . . . . . . Sever 6 | . . . . . 1 . . . . . 3 . . . . 2 Melee Attacks 143 | . . . . . 46 . . . 5 . 67 16 1 . 1 7 Impact . | . . . . . . . . . . . . . . . . . Slashing 142 | . . . . . 46 . . . 5 . 67 16 1 . . 7 Piercing 1 | . . . . . . . . . . . . . . . 1 . Sneak Attacks 14 | . . . . . 4 . . . 1 . 6 . . . 1 2 Combat Hostiles . | . . . . . . . . . . . . . . . . . Follow-up Attacks . | . . . . . . . . . . . . . . . . . Damage Inflicted 15369 | . 1568 1662 645 5045 853 3034 . 116 74 . 850 170 681 . 60 611 Guns 4125 | . 831 . . . 134 3034 . 91 . . 35 . . . . . Cannons 5570 | . 616 1307 . 3530 33 . . . . . . . . . . 84 Explosions 3761 | . 100 355 568 1495 . . . 25 . . . 170 681 . . 367 Melee 1795 | . . . . . 686 . . . 74 . 815 . . . 60 160 Ramming 118 | . 21 . 77 20 . . . . . . . . . . . . Kinetic 816 | . 816 . . . . . . . . . . . . . . . Thermal 9156 | . 696 1307 . 3530 167 3034 . 91 . . 35 . . . . 296 Explosive 2810 | . 20 355 568 836 . . . 25 . . . 170 681 . . 155 Electromagnetic 674 | . 15 . . 659 . . . . . . . . . . . . Impact . | . . . . . . . . . . . . . . . . . Slashing 1735 | . . . . . 686 . . . 74 . 815 . . . . 160 Piercing 60 | . . . . . . . . . . . . . . . 60 . Highest Corruption 10 | . 5 . . . 7 7 7 7 . 8 9 9 10 10 . 9 Average Corruption 7 | . 4 . . . 6 7 7 7 . 8 8 9 9 10 . 7 Corruption Purged . | . . . . . . . . . . . . . . . . . Corruption Blocked . | . . . . . . . . . . . . . . . . . Effects 186 | . 49 . . . 10 27 . 6 . 3 39 31 9 3 . 9 Message Errors 36 | . 10 . . . 1 6 . 1 . 3 5 7 1 1 . 1 Matter Fused 54 | . 12 . . . 5 6 . 2 . . 13 7 5 1 . 3 Heat Flow Errors 19 | . 3 . . . . 4 . . . . 5 5 . . . 2 Energy Discharges 30 | . 8 . . . . 5 . 1 . . 9 3 2 . . 2 Parts Rejected 3 | . 1 . . . 1 1 . . . . . . . . . . Parts Fused 4 | . 2 . . . . . . . . . 2 . . . . . Data Loss (minor) 25 | . 6 . . . 3 3 . 1 . . 4 6 . 1 . 1 Data Loss (major) 7 | . 3 . . . . 1 . 1 . . 1 1 . . . . Misfires 2 | . 2 . . . . . . . . . . . . . . . Alerts 4 | . 1 . . . . 1 . . . . . 1 1 . . . Weapon Failures 2 | . 1 . . . . . . . . . . 1 . . . . Overload Shots . | . . . . . . . . . . . . . . . . . Overflow Damage 566 | . 24 89 . 40 81 . . . . . 137 . 17 . 43 135 Projectiles 56 | . 24 21 . 11 . . . . . . . . . . . . Explosions 247 | . . 68 . 29 . . . . . . . . 17 . . 133 Melee 263 | . . . . . 81 . . . . . 137 . . . 43 2 Knockbacks 1 | . 1 . . . . . . . . . . . . . . . Impact 1 | . 1 . . . . . . . . . . . . . . . Kinetic . | . . . . . . . . . . . . . . . . . Secondary . | . . . . . . . . . . . . . . . . . Self-Inflicted Damage 535 | . 17 85 . 121 . . . 23 . . . . 110 . . 179 Shots 16 | . 1 4 . 6 . . . 1 . . . . 2 . . 2 Rammed 14 | . 4 . 6 4 . . . . . . . . . . . . Targets Rammed 20 | . 6 . 8 6 . . . . . . . . . . . . Kicked 1 | . 1 . . . . . . . . . . . . . . . Crushed 5 | . 1 . 2 2 . . . . . . . . . . . . Highest Temperature 300 | . 300 138 . 99 36 222 . . . . 240 225 4 . 3 227 Average Temperature 69 | . 97 40 . 26 27 46 . . . . 81 96 2 . 3 76 Received Heat Transfer 2068 | . 432 297 36 972 39 . . 45 . . 100 57 . . 18 72 Siege Activations . | . . . . . . . . . . . . . . . . . Martial Activations . | . . . . . . . . . . . . . . . . . Shielding Activations . | . . . . . . . . . . . . . . . . . Robots Disrupted . | . . . . . . . . . . . . . . . . . Combat Hostiles . | . . . . . . . . . . . . . . . . . Robots Corrupted 2 | . . . . 2 . . . . . . . . . . . . Combat Hostiles 2 | . . . . 2 . . . . . . . . . . . . Parts Fried 7 | . . . . 7 . . . . . . . . . . . . Impact Corruptions . | . . . . . . . . . . . . . . . . . Robots Melted 2 | . . . . 2 . . . . . . . . . . . . Combat Hostiles 2 | . . . . 2 . . . . . . . . . . . . Parts Melted 19 | . 2 4 . 13 . . . . . . . . . . . . Heat Transferred 15948 | . 1210 2368 . 4809 337 6850 . 150 . . 50 . . . . 174 Parts Sabotaged . | . . . . . . . . . . . . . . . . . Parts Stolen . | . . . . . . . . . . . . . . . . . Parts Stripped . | . . . . . . . . . . . . . . . . . Power Chain Reactions 1 | . 1 . . . . . . . . . . . . . . . Alert | -11 -10 -9 -9 -8 -7 -7 -7 -7 -6 -6 -6 -6 -6 -6 -5 -5 ------- Run | Yrd Mat Mat Min Mat Fac Was Fac DSF Fac Was Fac Low Low Zio Pro Fac Maximum Alert Level 3 | . . 1 1 3 2 . . 2 1 . . . . . . . Low Security (%) 75 | . 100 65 99 60 . 100 100 9 8 100 100 . . . . 100 Level 1 12 | . . 34 . 2 91 . . 71 91 . . . . . . . Level 2 8 | . . . . 27 8 . . 18 . . . . . . . . Level 3 3 | . . . . 10 . . . . . . . . . . . . Level 4 . | . . . . . . . . . . . . . . . . . Level 5 . | . . . . . . . . . . . . . . . . . High Security . | . . . . . . . . . . . . . . . . . Max Security . | . . . . . . . . . . . . . . . . . Peak Influence 945 | . 64 307 209 945 424 103 . 439 347 118 135 . . . . 151 Initial 424 | . . 4 111 . 424 103 . . 230 118 26 . . . . 16 Average 147 | . 11 111 35 319 321 9 . 276 281 90 50 . . . . 63 Influence Increases 5704 | . 382 669 203 1502 308 . . 509 299 . 540 480 280 . 75 457 Destroy 0b10 Robot/C 2220 | . 220 380 120 900 20 . . 180 140 . 20 40 140 . . 60 Destroy 0b10 Robot/NC 280 | . 40 40 15 90 30 . . 25 5 . 35 . . . . . Destroy Leader 560 | . 56 100 20 248 18 . . 20 30 . 18 10 20 . . 20 Allied During Kill 330 | . . . . . . . . 225 95 . . 10 . . . . Successful Hack 251 | . 27 39 4 61 20 . . . 4 . 76 . . . . 20 Disable Machine 225 | . 30 45 15 75 . . . 15 . . 15 . . . . 30 Destroy Structure 353 | . 9 35 29 98 25 . . 44 25 . 46 . . . . 42 Partial Spotted 180 | . . . . . 45 . . . . . 90 . . . . 45 Lose Combat Pursuer 1305 | . . 30 . 30 150 . . . . . 240 420 120 . 75 240 Influence Decreases 5569 | . 370 394 490 567 947 296 . 70 399 301 494 335 224 285 48 349 Entered New Map 1702 | . . 8 176 . 511 193 . . 209 221 12 32 44 285 . 11 Time Decay 3013 | . 329 366 314 487 326 83 . . 70 40 355 203 160 . 38 242 Lost Part 357 | . 41 20 . 80 50 . . 10 . . 10 20 20 . 10 96 Lost Ally 410 | . . . . . 60 20 . 60 120 40 30 80 . . . . Purge Threat 87 | . . . . . . . . . . . 87 . . . . . Squads Dispatched 38 | . 2 3 1 9 6 . . 1 1 . 8 . . . . 7 Investigation 7 | . 1 1 1 . 2 . . . . . . . . . . 2 Extermination 9 | . . . . . 2 . . . . . 5 . . . . 2 Reinforcement 19 | . 1 2 . 7 2 . . 1 . . 3 . . . . 3 Assault 2 | . . . . 2 . . . . . . . . . . . . Garrison 1 | . . . . . . . . . 1 . . . . . . . Intercept . | . . . . . . . . . . . . . . . . . Searches Triggered . | . . . . . . . . . . . . . . . . . Construction Impeded 2 | . . . . 2 . . . . . . . . . . . . Haulers Reinforced 1 | . . . . . 1 . . . . . . . . . . . Active Scanning Responses . | . . . . . . . . . . . . . . . . . Cargo Convoy Interrupts . | . . . . . . . . . . . . . . . . . Stealth | -11 -10 -9 -9 -8 -7 -7 -7 -7 -6 -6 -6 -6 -6 -6 -5 -5 --------- Run | Yrd Mat Mat Min Mat Fac Was Fac DSF Fac Was Fac Low Low Zio Pro Fac Distress Signals 18 | . 1 5 . 7 1 . . . . . 1 . . . . 3 Communications Jammed 1 | . . . . . . . . . . . . . . . . 1 Distress Signals 1 | . . . . . . . . . . . . . . . . 1 Times Spotted 287 | . 28 35 6 74 23 7 . 9 3 6 18 25 6 1 11 35 Peak Tracking Total 11 | . 6 8 3 8 7 5 . 4 3 6 6 10 9 1 6 11 Tactical Retreats 42 | . . 2 . 2 6 1 . . . . 8 11 2 . 2 8 Traps | -11 -10 -9 -9 -8 -7 -7 -7 -7 -6 -6 -6 -6 -6 -6 -5 -5 ------- Run | Yrd Mat Mat Min Mat Fac Was Fac DSF Fac Was Fac Low Low Zio Pro Fac Traps Triggered 19 | . 6 1 . 2 1 . . 2 1 . 4 . 1 . . 1 Indirectly 2 | . . . . 2 . . . . . . . . . . . . Trap Hack Attempts . | . . . . . . . . . . . . . . . . . Triggered . | . . . . . . . . . . . . . . . . . Disarmed . | . . . . . . . . . . . . . . . . . Reprogrammed . | . . . . . . . . . . . . . . . . . Reused . | . . . . . . . . . . . . . . . . . Traps Extracted . | . . . . . . . . . . . . . . . . . Installed . | . . . . . . . . . . . . . . . . . Triggered . | . . . . . . . . . . . . . . . . . Most Traps Carried 3 | . . . 3 3 3 . . . . . . . . . . . Machines | -11 -10 -9 -9 -8 -7 -7 -7 -7 -6 -6 -6 -6 -6 -6 -5 -5 ---------- Run | Yrd Mat Mat Min Mat Fac Was Fac DSF Fac Was Fac Low Low Zio Pro Fac Machines Disabled 16 | . 2 3 1 5 . . . 1 . . 1 1 . . . 2 Max in Single Turn 1 | . 1 1 1 1 . . . . . . 1 1 . . . 1 Garrison Access 3 | . . . . 1 . . . . 1 . . . . . . 1 Machines Repaired . | . . . . . . . . . . . . . . . . . Machines Dismantled . | . . . . . . . . . . . . . . . . . Machines Sabotaged . | . . . . . . . . . . . . . . . . . Overloaded Fab Kills . | . . . . . . . . . . . . . . . . . Hacking | -11 -10 -9 -9 -8 -7 -7 -7 -7 -6 -6 -6 -6 -6 -6 -5 -5 --------- Run | Yrd Mat Mat Min Mat Fac Was Fac DSF Fac Was Fac Low Low Zio Pro Fac Machines Accessed 69 | . 7 8 2 9 9 . 1 . 4 . 16 2 . . 1 10 Terminals 41 | . 5 7 1 6 3 . 1 . 1 . 11 1 . . 1 4 Fabricators 7 | . . . . . 4 . . . . . 1 . . . . 2 Repair Stations 2 | . . . . . . . . . . . 2 . . . . . Recycling Units 8 | . 2 1 . 1 . . . . 1 . 1 . . . . 2 Scanalyzers 5 | . . . . 1 1 . . . 1 . 1 . . . . 1 Garrison Access 4 | . . . . 1 1 . . . 1 . . . . . . 1 Total Hacks 231 | . 21 26 3 30 24 . 1 . 13 . 68 5 . . 1 39 Successful 161 | . 15 18 2 19 14 . 1 . 9 . 50 5 . . 1 27 Failed 69 | . 6 8 1 11 10 . . . 4 . 18 . . . . 11 Catastrophic 3 | . . 1 . 1 1 . . . . . . . . . . . Database Lockouts 1 | . . . . . . . . . . . . . . . . 1 Manual 126 | . 22 21 . 21 6 . . . 8 . 29 . . 2 . 17 Terminals 155 | . 19 24 2 24 7 . 1 . 5 . 49 4 . . 1 19 Fabricators 27 | . . . . . 13 . . . . . 8 . . . . 6 Repair Stations 6 | . . . . . . . . . . . 6 . . . . . Recycling Units 14 | . 2 2 . 1 . . . . 4 . 1 . . . . 4 Scanalyzers 22 | . . . . 3 3 . . . 3 . 4 . . . . 9 Garrison Access 5 | . . . . 2 1 . . . 1 . . . . . . 1 Terminal Hacks 46 | . 1 4 2 5 1 . 1 . 1 . 20 5 . . 1 5 Record 5 | . . . . . . . . . . . . 4 . . 1 . Part Schematic 4 | . . . . . . . . . . . 3 . . . . 1 Robot Analysis 4 | . 1 . . . 1 . . . . . 2 . . . . . Prototype ID Bank 1 | . . . . . . . . . . . . . . . . 1 Open Door 2 | . . . 1 . . . . . . . . 1 . . . . Open DSF 1 | . . . . . . . 1 . . . . . . . . . Branch Access Points 3 | . . 1 . 1 . . . . . . 1 . . . . . Machine Index 3 | . . . . . . . . . 1 . 1 . . . . 1 Alert Level 6 | . . 1 . 2 . . . . . . 3 . . . . . Unreport Threat 1 | . . . . . . . . . . . 1 . . . . . Dispatch Records 2 | . . . 1 . . . . . . . 1 . . . . . Patrol Status 1 | . . . . . . . . . . . 1 . . . . . Transport Status 1 | . . . . 1 . . . . . . . . . . . . Recall Extermination 1 | . . . . . . . . . . . 1 . . . . . Recall Reinforcements 2 | . . . . . . . . . . . 2 . . . . . Hauler Manifests 1 | . . . . 1 . . . . . . . . . . . . Registered Components 1 | . . . . . . . . . . . 1 . . . . . Registered Prototypes 2 | . . 1 . . . . . . . . . . . . . 1 Zone Layout 5 | . . 1 . . . . . . . . 3 . . . . 1 Fabricator Hacks 15 | . . . . . 5 . . . . . 6 . . . . 4 Network Status 1 | . . . . . 1 . . . . . . . . . . . Load Schematic 7 | . . . . . 2 . . . . . 3 . . . . 2 Build 7 | . . . . . 2 . . . . . 3 . . . . 2 Repair Station Hacks 6 | . . . . . . . . . . . 6 . . . . . Scan Component 3 | . . . . . . . . . . . 3 . . . . . Repair 3 | . . . . . . . . . . . 3 . . . . . Recycling Unit Hacks 3 | . . . . . . . . . 1 . 1 . . . . 1 Retrieve Components 3 | . . . . . . . . . 1 . 1 . . . . 1 Scanalyzer 19 | . . . . 3 3 . . . 1 . 4 . . . . 8 Insert Component 9 | . . . . 1 1 . . . 1 . 2 . . . . 4 Analyze 9 | . . . . 1 2 . . . . . 2 . . . . 4 Retrieve Study 1 | . . . . 1 . . . . . . . . . . . . Garrison Access Hacks 3 | . . . . 1 . . . . 1 . . . . . . 1 Seal Access 3 | . . . . 1 . . . . 1 . . . . . . 1 Unauthorized Hacks 69 | . 14 14 . 10 5 . . . 5 . 13 . . . . 8 Terminals 54 | . 12 12 . 9 1 . . . 2 . 12 . . . . 6 Assimilate 2 | . . . . . . . . . . . 2 . . . . . Botnet 25 | . 4 7 . 4 1 . . . 1 . 6 . . . . 2 Operators 5 | . 3 . . . . . . . . . 1 . . . . 1 Skim 22 | . 5 5 . 5 . . . . 1 . 3 . . . . 3 Fabricators 7 | . . . . . 4 . . . . . 1 . . . . 2 Prioritize 3 | . . . . . 1 . . . . . 1 . . . . 1 Liberate 1 | . . . . . 1 . . . . . . . . . . . Haulers 1 | . . . . . 1 . . . . . . . . . . . Recompile 2 | . . . . . 1 . . . . . . . . . . 1 Repair Stations . | . . . . . . . . . . . . . . . . . Recycling Units 8 | . 2 2 . 1 . . . . 3 . . . . . . . Reject 4 | . 1 1 . 1 . . . . 1 . . . . . . . Recyclers 3 | . 1 1 . . . . . . 1 . . . . . . . Mask 1 | . . . . . . . . . 1 . . . . . . . Scanalyzers . | . . . . . . . . . . . . . . . . . Garrison Access . | . . . . . . . . . . . . . . . . . Data Cores Recovered 3 | . 1 . . 1 . . . . . . 1 . . . . . Used 1 | . . . . . . . . . . . 1 . . . . . Hacking Detections 52 | . 4 7 . 7 8 . . . 3 . 14 1 . . . 8 Full Trace Events 1 | . . . . . 1 . . . . . . . . . . . Feedback Events . | . . . . . . . . . . . . . . . . . Feedback Blocked . | . . . . . . . . . . . . . . . . . Robot Schematics Acquired . | . . . . . . . . . . . . . . . . . Robots Built 3 | . . . . . 3 . . . . . . . . . . . Authchips . | . . . . . . . . . . . . . . . . . Time 116 | . . . . . 116 . . . . . . . . . . . Total Robot Build Rating 9 | . . . . . 9 . . . . . . . . . . . Part Schematics Acquired 11 | . . . . 1 1 . . . . . 5 . . . . 4 Parts Built 7 | . . . . . 1 . . . . . 3 . . . . 3 Authchips 4 | . . . . . . . . . . . 3 . . . . 1 Time 284 | . . . . . 49 . . . . . 133 . . . . 102 Total Part Build Rating 35 | . . . . . 2 . . . . . 12 . . . . 21 Part Studies Acquired 1 | . . . . 1 . . . . . . . . . . . . Parts Repaired 3 | . . . . . . . . . . . 3 . . . . . Time 89 | . . . . . . . . . . . 89 . . . . . Parts Recycled . | . . . . . . . . . . . . . . . . . Recycled Matter . | . . . . . . . . . . . . . . . . . Retrieved Matter . | . . . . . . . . . . . . . . . . . Retrieved Components 5 | . . . . . . . . . 3 . . . . . . 2 Parts Scanalyzed 9 | . . . . 1 1 . . . 1 . 2 . . . . 4 Part Schematics Acquired 7 | . . . . 1 1 . . . . . 2 . . . . 3 Parts Damaged 1 | . . . . . . . . . 1 . . . . . . . Bothacking | -11 -10 -9 -9 -8 -7 -7 -7 -7 -6 -6 -6 -6 -6 -6 -5 -5 ------------ Run | Yrd Mat Mat Min Mat Fac Was Fac DSF Fac Was Fac Low Low Zio Pro Fac Used RIF Installer . | . . . . . . . . . . . . . . . . . Robots Hacked 1 | . . . . . 1 . . . . . . . . . . . Non-combat 1 | . . . . . 1 . . . . . . . . . . . Combat . | . . . . . . . . . . . . . . . . . Robot Hacks Applied 1 | . . . . . 1 . . . . . . . . . . . find_chute 1 | . . . . . 1 . . . . . . . . . . . Relay Couplers Released 3 | . . . . . 3 . . . . . . . . . . . Programmers 3 | . . . . . 3 . . . . . . . . . . . Fabnet Peak Effective % . | . . . . . . . . . . . . . . . . . Robots Rewired 4 | . . . . . . . . . . . . 4 . . . . Allies Hacked . | . . . . . . . . . . . . . . . . . Hacks Repelled . | . . . . . . . . . . . . . . . . . Allies | -11 -10 -9 -9 -8 -7 -7 -7 -7 -6 -6 -6 -6 -6 -6 -5 -5 -------- Run | Yrd Mat Mat Min Mat Fac Was Fac DSF Fac Was Fac Low Low Zio Pro Fac Total Allies 28 | . . . . . 3 20 . . . . 1 4 . . . . Largest Group 19 | . . . . . 3 19 19 19 13 4 1 4 . . . . Highest-Rated Group 465 | . . . . . 48 465 465 465 324 124 31 102 . . . . Highest-Rated Ally 35 | . . . . . 16 35 35 35 35 35 31 30 . . . . Total Orders 1 | . . . . . . . . . . . . 1 . . . . STAY 1 | . . . . . . . . . . . . 1 . . . . Ally Attacks 181 | . . . . . 7 14 . 84 43 4 6 23 . . . . Total Damage 4311 | . . . . . 96 207 . 2083 1180 63 62 620 . . . . Kills 22 | . . . . . . . . 11 8 . 1 2 . . . . Allies Corrupted 1 | . . . . . . . . . . . . 1 . . . . Allies Melted . | . . . . . . . . . . . . . . . . . Intel | -11 -10 -9 -9 -8 -7 -7 -7 -7 -6 -6 -6 -6 -6 -6 -5 -5 ------- Run | Yrd Mat Mat Min Mat Fac Was Fac DSF Fac Was Fac Low Low Zio Pro Fac Active Infowar (turns) 6961 | . 985 . . . 667 890 6 184 145 97 1100 944 328 622 511 482 Sensors 4633 | . 985 . . . . . . 157 14 . 598 943 328 621 511 476 Terrain 3251 | . . . . . . . . . 131 97 294 868 328 622 511 400 Machine Analysis 1590 | . . . . . 667 890 6 27 . . . . . . . . Jamming 296 | . . . . . . . . . . . 289 . . 1 . 6 Robot Analysis Total 4 | . 1 . . . 1 . . . . . 2 . . . . . Derelict Logs Recovered 8 | . . . 2 . . . . . . . . 3 1 1 1 . Drone Launches . | . . . . . . . . . . . . . . . . . Drone Recoveries . | . . . . . . . . . . . . . . . . . Exploration | -11 -10 -9 -9 -8 -7 -7 -7 -7 -6 -6 -6 -6 -6 -6 -5 -5 ------------- Run | Yrd Mat Mat Min Mat Fac Was Fac DSF Fac Was Fac Low Low Zio Pro Fac Turns Passed 15265 | . 1912 1765 1658 3693 724 890 6 185 145 98 1125 944 328 622 511 659 Spaces Moved 13256 | 1 739 476 667 1304 1003 991 6 194 256 228 1757 1538 795 957 977 1367 Core 294 | . . . . . . . . . . . 1 1 . . . 292 Treads 2827 | . 362 476 667 1302 20 . . . . . . . . . . . Legs 378 | 1 377 . . . . . . . . . . . . . . . Wheels . | . . . . . . . . . . . . . . . . . Hover . | . . . . . . . . . . . . . . . . . Flight 9757 | . . . . 2 983 991 6 194 256 228 1756 1537 795 957 977 1075 Fastest Speed 27 | 120 120 240 240 228 27 27 27 27 27 27 27 27 27 27 27 28 Average Speed 77 | 120 197 240 240 237 31 27 27 41 27 27 27 27 27 27 27 34 Slowest Speed 1500 | 120 330 240 240 1500 238 27 27 100 27 27 450 400 27 27 30 107 Overloaded Moves . | . . . . . . . . . . . . . . . . . Propulsion Burnouts . | . . . . . . . . . . . . . . . . . Robots Hopped 25 | . . . . . 5 1 . . . 8 6 1 . . . 4 Potential Cave-ins . | . . . . . . . . . . . . . . . . . Cave-ins Triggered . | . . . . . . . . . . . . . . . . . Exploration Rate (%) 66 | 1 94 45 95 95 30 96 . 96 6 84 47 92 85 79 89 35 Regions Visited 16 Branch Regions 5 Pre-discovered Areas 6 | . . 1 1 2 . . . . . . . 1 . 1 . . Known Exits Taken 8 | . . 1 1 . . . 1 . . . 1 1 1 1 1 . Unknown Exits Taken 3 | 1 1 . . 1 . . . . . . . . . . . . Scrap Searched 13 | . . . 2 . . . . . . . . 2 4 2 3 . Spaces Dug 111 | . . . . . 25 . . 21 4 . 46 14 1 . . . Terrain Destroyed 483 | . 8 35 56 105 26 . . 48 4 . 46 31 103 . . 21 Melee 90 | . . . . . 25 . . . 4 . 46 14 1 . . . Projectile 53 | . . . . 52 1 . . . . . . . . . . . AOE 340 | . 8 35 56 53 . . . 48 . . . 17 102 . . 21 Terrain Rammed . | . . . . . . . . . . . . . . . . . Walls Destroyed . | . . . . . . . . . . . . . . . . . Machines Disabled . | . . . . . . . . . . . . . . . . . Actions | -11 -10 -9 -9 -8 -7 -7 -7 -7 -6 -6 -6 -6 -6 -6 -5 -5 --------- Run | Yrd Mat Mat Min Mat Fac Was Fac DSF Fac Was Fac Low Low Zio Pro Fac Total 17390 | . 1036 998 704 1684 1327 1474 9 287 325 255 2289 2033 902 1317 1223 1527 Wait 3136 | . 162 446 1 175 216 348 4 29 55 29 414 453 95 353 243 113 Move 13196 | . 738 475 666 1303 993 988 5 193 256 215 1744 1535 794 956 976 1359 Hop 21 | . . . . . 5 1 . . . 4 6 1 . . . 4 Pick Up 74 | . 13 10 7 13 4 5 . 5 . 1 5 1 . 2 1 7 Fast Attach 50 | . 14 . . 5 6 1 . 2 1 1 7 2 . 2 . 9 Attach 46 | . 2 4 . 5 12 . . 2 2 . 8 2 4 . . 5 Detach 15 | . 1 . . . 1 . . 2 2 . 4 1 2 . . 2 Swap 102 | . 6 8 4 34 9 10 . 7 2 2 8 4 . 3 . 5 Drop 96 | . 3 2 7 27 24 7 . . 2 3 5 1 1 1 2 11 Fire 418 | . 91 53 11 116 11 114 . 8 . . 2 2 5 . . 5 Melee 143 | . . . . . 46 . . . 5 . 67 16 1 . 1 7 Ram . | . . . . . . . . . . . . . . . . . Kick 1 | . 1 . . . . . . . . . . . . . . . Crush 19 | . 5 . 8 6 . . . . . . . . . . . . Escape Stasis 58 | . . . . . . . . 39 . . 19 . . . . . Rewire 15 | . . . . . . . . . . . . 15 . . . . Trap . | . . . . . . . . . . . . . . . . . Miscellaneous . | . . . . . . . . . . . . . . . . . Route ------- -11/Scrapyard -10/Materials (discovered 5 exits: *Mat x3 / [*Min] / Sub) -9/Materials (discovered 4 exits: *Mat x2 / *Min x2) -9/Mines (discovered 2 exits: *Mat x2) -8/Materials (discovered 3 exits: *Fac x3) -7/Factory (discovered 5 exits: Fac x2 / Sto / *Low x2) -7/Waste -7/Factory -7/DSF -6/Factory -6/Waste -6/Factory (discovered 2 exits: *Low x2) -6/Lower Caves -6/Lower Caves (discovered 2 exits: *Fac / *Zio) -6/Zion -5/Proximity Caves -5/Factory (discovered 3 exits: [*Fac] / *Upp x2) History --------- Turn | Location | Event 1 | -11/Scrapyard | Discovered new exit (range 0) 1 | -11/Scrapyard | Entered Materials 130 | -10/Materials | Discovered new exit (range 8) 308 | -10/Materials | Build established: Mutant 320 | -10/Materials | Discovered new exit (range 15) 547 | -10/Materials | Core integrity fell below 50% 802 | -10/Materials | Discovered new exit (range 15) 1235 | -10/Materials | Discovered new exit (range 10) 1456 | -10/Materials | Learned Storage trap positions 1494 | -10/Materials | Learned Storage emergency access door positions 1557 | -10/Materials | Identified exit to Subcaves 1557 | -10/Materials | Learned location of 1 exit from Materials 1569 | -10/Materials | Learned 2 Mines zone layouts 1913 | -10/Materials | Entered another Materials area 1913 | -9/Materials | Evolved 2 slots: Propulsion x1, Utility x1 1914 | -9/Materials | Identified exit to Mines 1915 | -9/Materials | Identified exit to Materials 2917 | -9/Materials | Learned 2 Storage zone layouts 2976 | -9/Materials | Loaded intel: 2 repair station locations 3024 | -9/Materials | Loaded intel: 22 trap records 3042 | -9/Materials | Build established: Scavenger-Mutant 3063 | -9/Materials | Learned Storage non-interactive machine intel 3142 | -9/Materials | Learned Storage emergency access door positions 3678 | -9/Materials | Entered Mines 3875 | -9/Mines | Discovered exit to Materials (range 9) 4007 | -9/Mines | Found a hidden stash of uninstalled traps 4673 | -9/Mines | Discovered exit to Materials (range 8) 5190 | -9/Mines | Met a Derelict shopkeep closing up shop 5336 | -9/Mines | Entered Materials 5336 | -8/Materials | Evolved 2 slots: Propulsion x1, Utility x1 5814 | -8/Materials | Build established: Mutant 6035 | -8/Materials | Discovered new exit (range 12) 6247 | -8/Materials | Discovered new exit (range 15) 7671 | -8/Materials | Destroyed 9 combat bots 7733 | -8/Materials | Discovered new exit (range 16) 7862 | -8/Materials | Build established: Scavenger-Mutant 8536 | -8/Materials | First assault squad dispatched 8672 | -8/Materials | Destroyed 10 combat bots 8680 | -8/Materials | Lost 3 parts (1p2n) 8696 | -8/Materials | Learned 4 Recycling zone layouts 8754 | -8/Materials | Learned location of 2 exits from Factory 8840 | -8/Materials | Learned location of 1 exit from Recycling 8865 | -8/Materials | Learned 2 Storage zone layouts 8901 | -8/Materials | Learned location of Zion (-6) 8997 | -8/Materials | Learned 4 Factory zone layouts 9029 | -8/Materials | Entered Factory 9029 | -7/Factory | Evolved 2 slots: Utility x2 9030 | -7/Factory | Identified exit to Factory 9030 | -7/Factory | Identified exit to Storage 9031 | -7/Factory | Identified exit to Lower Caves 9379 | -7/Factory | Build established: Hacker-Sprinter 9539 | -7/Factory | Fabricated G-47 Trooper? 9554 | -7/Factory | Fabricated Imp. Flight Unit? 9559 | -7/Factory | Lost 5 parts (1p3n1w) 9590 | -7/Factory | Lost 3 allies 9753 | -7/Factory | Manually triggered Chute Trap 9753 | -7/Factory | Sucked down chute 9753 | -7/Factory | Entered Waste 9754 | -7/Waste | Met a frightened Derelict 9758 | -7/Waste | Spotted C-40 Crusher 9772 | -7/Waste | Spotted C-40 Crusher 9772 | -7/Waste | Spotted C-40 Crusher 9779 | -7/Waste | Spotted C-40 Crusher 9784 | -7/Waste | Discovered new exit (range 12) 9784 | -7/Waste | Spotted C-40 Crusher 9882 | -7/Waste | Destroyed C-40 Crusher 9907 | -7/Waste | Spotted C-40 Crusher 9921 | -7/Waste | Destroyed C-40 Crusher 9966 | -7/Waste | Destroyed C-40 Crusher 10034 | -7/Waste | Destroyed C-40 Crusher 10120 | -7/Waste | Destroyed C-40 Crusher 10187 | -7/Waste | Destroyed C-40 Crusher 10201 | -7/Waste | Warlord forces began an assault 10643 | -7/Waste | Entered Factory 10643 | -7/Factory | Accompanied by 19 allies 10644 | -7/Factory | Identified exit to DSF 10649 | -7/Factory | Entered DSF 10649 | -7/DSF | Accompanied by 19 allies 10656 | -7/DSF | Discovered exit to Factory (range 13) 10665 | -7/DSF | Additional patrols routed to DSF 10829 | -7/DSF | Lost 3 allies 10834 | -7/DSF | Entered Factory 10834 | -6/Factory | Accompanied by 13 allies 10834 | -6/Factory | Evolved 2 slots: Utility x2 10877 | -6/Factory | Garrison activated, responded to threat 10912 | -6/Factory | Lost 4 allies 10979 | -6/Factory | Sucked down chute 10979 | -6/Factory | Entered Waste 10981 | -6/Waste | Spotted C-40 Crusher 10991 | -6/Waste | Found Prototype Device 10991 | -6/Waste | Identified Exp. Thermal Shield 10994 | -6/Waste | EMP discharged 11005 | -6/Waste | Spotted C-40 Crusher 11007 | -6/Waste | Spotted C-40 Crusher 11007 | -6/Waste | Spotted C-40 Crusher 11027 | -6/Waste | Spotted C-40 Crusher 11041 | -6/Waste | Spotted C-40 Crusher 11048 | -6/Waste | Discovered new exit (range 12) 11077 | -6/Waste | Entered Factory 11082 | -6/Factory | 6 allies followed down the chute 11165 | -6/Factory | Repaired Broken Smartbomb Launcher 11437 | -6/Factory | Fabricated Imp. Cesium-ion Thruster (x1) 11472 | -6/Factory | Fabricated Imp. Cesium-ion Thruster (x1) 11508 | -6/Factory | Fabricated Cld. VTOL Module (x1) 11621 | -6/Factory | Identified exit to Lower Caves 11917 | -6/Factory | Repaired Smartbomb Launcher 11939 | -6/Factory | Repaired Mic. Nuclear Core 12202 | -6/Factory | Entered Lower Caves 12273 | -6/Lower Caves | Encountered a Warlord checkpoint 12377 | -6/Lower Caves | Learned Factory terminal intel 12385 | -6/Lower Caves | Discovered new exit (range 9) 12507 | -6/Lower Caves | Attacked by a delusional Derelict stockpiling Unaware 12565 | -6/Lower Caves | Learned Factory emergency access door positions 12823 | -6/Lower Caves | Build established: Hacker-Scout 13043 | -6/Lower Caves | Lost 5 allies 13092 | -6/Lower Caves | Learned Extension garrison access intel 13092 | -6/Lower Caves | Learned Armory trap positions 13093 | -6/Lower Caves | Attracted the attention of an 0b10 base 13146 | -6/Lower Caves | Identified exit to Lower Caves 13146 | -6/Lower Caves | Entered another Lower Caves area 13147 | -6/Lower Caves | Encountered a Warlord checkpoint 13188 | -6/Lower Caves | Discovered new exit (range 9) 13190 | -6/Lower Caves | Identified exit to Factory 13243 | -6/Lower Caves | Learned Factory garrison access intel 13282 | -6/Lower Caves | System corruption reached 10% 13338 | -6/Lower Caves | Discovered new exit (range 16) 13474 | -6/Lower Caves | Identified exit to Zion 13474 | -6/Lower Caves | Entered Zion 13546 | -6/Zion | Discovered new exit (range 16) 13547 | -6/Zion | Received a visual enhancement algorithm 13548 | -6/Zion | Ran a visual enhancement algorithm 13558 | -6/Zion | System corruption cleaned by Quarantine Array 13570 | -6/Zion | Ran a visual enhancement algorithm 13604 | -6/Zion | Given the Hacking Drone Bay 13614 | -6/Zion | Learned Factory emergency access door positions 13615 | -6/Zion | Learned Factory emergency access door positions 13690 | -6/Zion | Acquired unknown access codes intercepted by a Zionite 13791 | -6/Zion | Found Prototype Special Weapon 13791 | -6/Zion | Identified RU-N14's Throwing Claymores 14095 | -6/Zion | Identified exit to Proximity Caves 14096 | -6/Zion | Entered Proximity Caves 14291 | -5/Proximity Caves | Learned 4 Factory zone layouts 14487 | -5/Proximity Caves | Discovered exit to Factory (range 16) 14607 | -5/Proximity Caves | Entered Factory 14607 | -5/Factory | Evolved 2 slots: Utility x2 14610 | -5/Factory | Loaded intel: 25 terminal locations 14611 | -5/Factory | Loaded intel: 4 garrison access locations 14753 | -5/Factory | Central database locked down 14841 | -5/Factory | Discovered new exit (range 11) 14841 | -5/Factory | Discovered new exit (range 16) 14845 | -5/Factory | Identified exit to Upper Caves 14933 | -5/Factory | Build established: Wizard-Scout 15005 | -5/Factory | Fabricated Gamma Rifle (x2) 15046 | -5/Factory | Fabricated Cld. Cesium-ion Thruster? 15057 | -5/Factory | Discovered new exit (range 8) 15075 | -5/Factory | Core integrity fell below 50% 15120 | -5/Factory | Lost 10 parts (4n5u1w) 15142 | -5/Factory | Core integrity fell below 20% 15266 | -5/Factory | Destroyed by G-50 Soldier with Heavy Laser Last Messages --------------- 15185_ Imp. Signal Interpreter tumbles out of TF Node. 15187_ K-01 Serf collects debris. 15189_ Acquired Imp. Signal Interpreter. 15190_ Sneak attack on K-01 Serf. 15190_ Destroyed Wheel. 15197_ ALERT: Potential suspicious activity detected, Programmers report to Factory Zone 1P. 15198_ System corrupted: Matter fused (-5). 15223_ Drone sends a signal. 15239_ System corrupted: Matter fused (-8). 15243_ Carbide Saw destroyed. 15246_ O-24 Administrator: "IFF HANDSHAKE FAILED. SECURING TERMINAL." 15248_ U-05 Engineer lays Concrete. 15255_ System corrupted: Component data lost. 15258_ Triggered Alarm Trap. 15258_ An alarm sounds. 15258_ ALERT: Alarm triggered, dispatching investigation squad. 15259_ U-05 Engineer builds a Wall. 15260_ ALERT: Hostiles spotted, dispatching reinforcements to Terminal F004. Map ----- +----------------------------------------------------+ | ???????????????#?#####?##?##?# # | | ??????????????#???#???###?#### # | | ??????????????##??##?##??###?# "" =#+##/### | | ???????????????#?#?#?????##?## """ #?? ?#### | | ?????????????##?#???#?######?# "F # ??" ?#??## | | ??????????????####??##????#?## """[ #?""" ###?? | | ??????????????#?#?#?#??####### "" #?"S? #?#?? | | ??????????????#???######?## +[ #??"? #?#?# | | ???????????????##??#??###?# ###########? ?"? ####? | | ???????????????#????#??####+#########?? ?????##?? | | ??????????????#####?#??## #? ?###?? | | ????????????????#???###?# """ """ ## ? ????? | | ????????????????#???????# """ """ #??? ??### | | ?????????????????????#### !""" """ #??? #?#?? | | ?"T"????????????######### ##???#+#??#? | | ????????????????+ # ###### ????? | | ????????????????# # / ?? ??? ? | | ????????????????# # ####?#??? ? | | ????????????????+ # ##?### ? ???? | | ????????????????# / + ####?#??? ??? | | ????????????????# # ###?## ???? | | ????????????????# # #?##???????? | | ????????????????# ################?????????? | | ????????????????# ##] ##????????????? | | ????????????????# g% #?????????????? | | ????????????????# @ g g ??????? | | ????????????????# gg ??????? | | ????????????????# g g ??????? | | ????????????? ???????? | | ????????????##### ^ ??????? | | ????????????????# ########?????T? | | ????????????????########## #?????????????? | | ?????????????????????????#####+#####?????????????? | | ?????????????????????????????????????????????????? | | ?????????????????????????????????????????????????? | | ?????????????????????????????????????????????????? | | ?????????????????????????????????????????????????? | | ?????????????????????????????????????????????????? | | ?????????????????????????????????????????????????? | | ?????????????????????????????????????????????????? | | | | | | | | | | | | | | | | | | | | | +----------------------------------------------------+ Best States ------------- Heat Dissipation 67 Energy Generation 18 Energy Capacity 280 Matter Stores 300 Matter Capacity 300 Sight Range 16 Robot Scan Range 16 Terrain Scan Range 20 Terrain Scan Density 210 Jamming Range 14 EM Shielding 2 Evasion (%) 64 Core Analysis 6 Recoil Reduction 4 Offensive Hacking 49 Defensive Hacking 11 Authchip Count 3 Item Schematics ----------------- Imp. Flight Unit | -8/Materials | Scanalyzed Imp. Cooling System | -7/Factory | Scanalyzed Adv. Sensor Array | -6/Factory | Scanalyzed Smartbomb Launcher | -6/Factory | Scanalyzed Imp. Cesium-ion Thruster | -6/Factory | Hacked Cld. VTOL Module | -6/Factory | Hacked Adv. Hacking Suite | -6/Factory | Hacked Cld. Cesium-ion Thruster | -5/Factory | Hacked Hvy. Gatling Laser | -5/Factory | Scanalyzed Mak. Transmission Jammer | -5/Factory | Scanalyzed Component Analysis Suite | -5/Factory | Scanalyzed Robot Schematics ------------------ None Fabricated ------------ G-47 Trooper | x3 | -7/Factory | Preloaded Imp. Flight Unit | x1 | -7/Factory Imp. Cesium-ion Thruster | x1 | -6/Factory | Authchip Imp. Cesium-ion Thruster | x1 | -6/Factory | Authchip Cld. VTOL Module | x1 | -6/Factory | Authchip Gamma Rifle | x2 | -5/Factory | Preloaded Cld. Cesium-ion Thruster | x1 | -5/Factory | Authchip Repaired ---------- Smartbomb Launcher | 51% | -6/Factory | Broken Smartbomb Launcher | 4% | -6/Factory Mic. Nuclear Core | 2% | -6/Factory Studied --------- Cesium-ion Thruster | -8/Materials | Hacked Alien Tech Used ----------------- None Achievements -------------- None Challenges ------------ None Game ------ Seed ChargeRefineryHoverbase Manual? 0 Play Time 02:21:39 Cumulative 270.3 hours Start 2026.01.05 @ 23:46:28 End 2026.01.06 @ 13:08:34 Sessions 3 Manual Loads 0 Difficulty Rogue Special Mode None Game No. 345 Rogue 344 Adventurer 1 Explorer 0 Win Type - Total 2 Types 1/0/0/1/0/0/0/0/0/0 Lore% 74 Gallery% 67 Achievement% 56 Wizard Run 0 Options --------- Layout 0 ASCII 0 Keyboard 0 Movement Numpad Keybinds 0 Fullscreen 1 Font 24/Smallcaps Map View 76x50 Zoom Use 0% Tactical HUD 1 Map Filters NONE Filters NONE Steam 1 RUN: a98b2c46-c379-4a51-b9c8-8cd31d15265f